 Dungeon Crawl Stone Soup version 0.22-a0-247-gbddf880757 (webtiles) character file.

94 RedPan the Slasher (level 4, 0/35 HPs)
             Began as a Demonspawn Monk on Feb 27, 2018.
             Slain by a gnoll
             ... wielding a +0 spear
              (7 damage)
             ... on level 2 of the Dungeon.
             The game lasted 00:02:09 (1869 turns).

RedPan the Slasher (Demonspawn Monk)                Turns: 1869, Time: 00:02:10

Health: 0/35       AC:  2    Str: 12    XL:     4   Next: 38%
Magic:  0/4        EV: 14    Int: 11    God:
Gold:   82         SH:  0    Dex: 16    Spells: 3/3 levels left

rFire    . . .     SeeInvis .   a - +3 falchion
rCold    . . .     Gourm    .   (no shield)
rNeg     . . .     Faith    .   b - +0 robe
rPois    .         Spirit   +   (no helmet)
rElec    .         Reflect  .   (no cloak)
rCorr    .         Harm     .   (no gloves)
MR       +....                  (no boots)
Stlth    ++........             d - amulet of guardian spirit
HPRegen  0.11/turn              e - ring of protection from magic
MPRegen  0.09/turn              (no ring)

@: lethally poisoned (0 -> -5)
A: powered by death 1, powered by pain 1
a: no special abilities


You were on level 2 of the Dungeon.
You were not hungry.

You visited 1 branch of the dungeon, and saw 2 of its levels.

You collected 82 gold pieces.

Inventory:

Hand Weapons
 a - a +3 falchion (weapon)
Armour
 b - a +0 robe (worn)
Jewellery
 d - an amulet of guardian spirit (around neck)
 e - a ring of protection from magic (left hand)
Scrolls
 f - 2 scrolls of identify
 g - a scroll of enchant armour {unknown}
 j - 2 scrolls of magic mapping {unknown}
Potions
 i - a potion of curing
 l - a potion of berserk rage
Comestibles
 c - 6 rations


   Skills:
 - Level 3.0 Fighting
 * Level 4.2 Long Blades
 + Level 3.4 Dodging
 - Level 1.7 Stealth


You had 3 spell levels left.
You didn't know any spells.

Dungeon Overview and Level Annotations

Branches:
Dungeon (2/15)

Altars:


Innate Abilities, Weirdness & Mutations

You regenerate a little health from kills.
You sometimes gain a little power by taking damage.


Message History

The adder poisons you! The gnoll closely misses you.
You slash the adder!
You kill the adder!
You feel sick.
The gnoll hits you from afar with a spear.
You feel sick. The gnoll closely misses you.
You hit the gnoll.
The gnoll is lightly wounded.
The gnoll closely misses you.
You riposte.
You hit the gnoll.
The gnoll is heavily wounded.
You closely miss the gnoll.
The gnoll is heavily wounded.
You feel sick. The gnoll hits you with a spear!
* * * LOW HITPOINT WARNING * * *
A gnoll comes into view.
The gnoll shouts!
You hit the gnoll.
The gnoll is severely wounded.
You feel sick. The gnoll hits you with a spear!
You die...

..........# #..# #.
.......##.# #..# #.
######.##.#####..#
#.
#.##........######.
#..................
##..........#######
### #.#######..#
..# #.# ##.# #.#
#@# #.# #># #g# #.#
###.#####g# #.#
#...g...g.# #.#
.....#.####### ..#
#........(.$..
######.####### #.#
.(#


You could see 3 gnolls.

Vanquished Creatures
  A bullfrog skeleton (D:2)
  An adder (D:2)
  A dart slug (D:1)
  A leopard gecko (D:1)
  7 bats (D:1)
  A giant cockroach (D:1)
  5 goblins (D:1)
  8 hobgoblins
  5 jackals
  7 kobolds
  A ball python (D:1)
  2 frilled lizards
  8 rats
48 creatures vanquished.

Notes
Turn   | Place    | Note
-------+----------+-------------------------------------------
     0 | D:1      | RedPan the Demonspawn Monk began the quest for the Orb.
     0 | D:1      | Reached XP level 1. HP: 18/18 MP: 1/1
    18 | D:1      | Reached skill level 3 in Long Blades
   159 | D:1      | Gained mutation: You sometimes gain a little power by taking damage. [demonic ancestry]
   159 | D:1      | Reached XP level 2. HP: 22/24 MP: 2/2
   557 | D:1      | Reached XP level 3. HP: 16/29 MP: 3/3
  1644 | D:2      | Reached skill level 4 in Long Blades
  1644 | D:2      | Gained mutation: You regenerate a little health from kills. [demonic ancestry]
  1644 | D:2      | Reached XP level 4. HP: 26/35 MP: 4/4
  1869 | D:2      | Slain by a gnoll

Vault maps used:
D:1:      dpeg_arrival_shelter, grunt_decor_cap, minmay_pentomino_q4
D:2:      first_ration, corexii_hall_statues_i, roderic_lattice_a

Skill      XL: |  1  2  3 |
---------------+----------+-----
Long Blades    | 3 4 |  4.2
Dodging        | 3 |  3.4
Fighting       | |  3.0
Stealth        | |  1.7

Action                   |  1- 3 |  4- 6 || total
-------------------------+-------+-------++-------
Melee: Falchion          |   109 |    22 ||   131
  Use: Scroll            |     4 |     1 ||     5
 Stab: Sleeping          |     7 |       ||     7
  Eat: Chunk             |     2 |     1 ||     3
Armor: Robe              |    22 |     4 ||    26
Dodge: Dodged            |    66 |    17 ||    83
       Rpst.: Falchion   |    26 |     4 ||    30

Table legend:
 A = Spawn XP
 B = Non-spawn XP
 C = Spawn XP percentage of total XP
 D = Spawn monster count
 E = Non-spawn monster count
 F = Spawn count percentage of total count
 G = Total turns spent on level
                    A         B        C        D         E        F      G
               +---------+---------+-------+---------+---------+-------+---------
         Total |       0 |     135 |   0.0 |       0 |      48 |   0.0 |  1869
               +---------+---------+-------+---------+---------+-------+---------
           D:1 |       0 |      68 |   0.0 |       0 |      39 |   0.0 |  1586
           D:2 |       0 |      67 |   0.0 |       0 |       9 |   0.0 |   283
               +---------+---------+-------+---------+---------+-------+---------
